 Dungeon Crawl Stone Soup version 0.21.1-1-g345015f (webtiles) character file.

284570 xccam the Executioner (level 19, -8/297 HPs)
             Began as a Minotaur Berserker on Feb 15, 2018.
             Was the Champion of Trog.
             Mangled by Mara (illusionary)
             ... wielding a +2 demon whip of venom
              (25 damage)
             ... on level 3 of the Vaults.
             The game lasted 02:10:45 (34422 turns).

xccam the Executioner (Minotaur Berserker)         Turns: 34422, Time: 02:10:46

Health: -8/297     AC: 39    Str: 31    XL:     19   Next: 78%
Magic:  18/18      EV: 16    Int:  5    God:    Trog [******]
Gold:   2093       SH:  6    Dex: 15    Spells: 18/18 levels left

rFire    + . .     SeeInvis .   L - +2 executioner's axe (flame)
rCold    + . .     Gourm    .   (shield currently unavailable)
rNeg     . . .     Faith    .   X - +8 gold dragon scales
rPois    +         Spirit   .   (helmet restricted)
rElec    .         Reflect  +   q - +0 cloak
rCorr    .         Harm     .   Z - +2 pair of gloves
MR       +....                  H - +2 pair of boots of the Assassin {Detection Stab+ Stlth++}
Stlth    ..........             K - +6 amulet of reflection
HPRegen  0.59/turn              S - +2 ring of slaying
MPRegen  0.16/turn              n - +3 ring of slaying

@: berserking, lethally poisoned (-8 -> -16), very quick
A: retaliatory headbutt, horns 2, agile 1, poison resistance, robust 1
}: 2/15 runes: decaying, gossamer
a: Berserk, Trog's Hand, Brothers in Arms, Burn Spellbooks, Renounce Religion


You were on level 3 of the Vaults.
You worshipped Trog.
Trog was exalted by your worship.
You were hungry.

You visited 6 branches of the dungeon, and saw 34 of its levels.
You also visited: Ossuary, Ice Cave and Volcano.

You collected 4502 gold pieces.
You spent 2409 gold pieces at shops.

Inventory:

Hand Weapons
 J - a +6 battleaxe of electrocution
 L - a +2 executioner's axe of flaming (weapon)
 V - a +3 battleaxe of chopping
 W - a +6 antimagic battleaxe
Armour
 q - a +0 cloak (worn)
 H - the +2 pair of boots of the Assassin (worn) {Detection Stab+ Stlth++}
   (You found it on level 1 of the Lair of Beasts)

   It makes you much more stealthy.
 X - +8 gold dragon scales (worn)
 Z - a +2 pair of gloves (worn)
Jewellery
 n - a +3 ring of slaying (right hand)
 r - a cursed -2 ring of evasion
 F - an uncursed ring of positive energy
 I - the ring of Xuwet {Fire Int+4}
   (You found it in an ice cave)

   [ring of fire]

   It enhances your fire magic.
   It affects your intelligence (+4).
   It protects you from fire.
   It makes you vulnerable to cold.
 K - a +6 amulet of reflection (around neck)
 N - an uncursed ring of stealth
 O - an uncursed ring of protection from fire
 R - a +1 ring of evasion
 S - a +2 ring of slaying (left hand)
 T - an uncursed ring of ice
Wands
 f - a wand of disintegration (14)
 g - a wand of acid (30)
 l - a wand of clouds (6)
 t - a wand of paralysis (31)
 y - a wand of iceblast (22)
 z - a wand of flame (56)
 C - a wand of digging (53)
 Q - a wand of enslavement (13)
Scrolls
 b - 2 scrolls of blinking
 e - 17 scrolls of teleportation
 h - 6 scrolls of enchant weapon
 k - 4 scrolls of magic mapping
 m - 13 scrolls of remove curse
 o - a scroll of fog
 v - 10 scrolls of identify
 x - a scroll of summoning
 A - 3 scrolls of fear
 P - 2 scrolls of silence
 Y - a scroll of brand weapon
Potions
 d - 17 potions of curing
 i - 12 potions of flight
 j - 4 potions of invisibility
 s - 3 potions of ambrosia
 u - 4 potions of cancellation
 w - 8 potions of heal wounds
 B - 5 potions of mutation
 D - 7 potions of haste
 E - 7 potions of lignification
 G - 4 potions of resistance
 M - 4 potions of might
Comestibles
 a - 9 chunks of flesh
 c - 36 rations


   Skills:
 + Level 18.4 Fighting
 * Level 25.6 Axes
 - Level 17.6 Armour
 + Level 17.0 Dodging
   Level 5.0 Shields


You had 18 spell levels left.
You didn't know any spells.

Dungeon Overview and Level Annotations

Branches:
Dungeon (15/15)            Temple (0/1) D:7            Lair (6/6) D:11
  Swamp (4/4) Lair:4       Spider (4/4) Lair:4        Slime (0/5) Lair:5
    Orc (2/2) D:10            Elf (0/3) Orc:2        Vaults (3/5) D:14
 Depths (0/5) D:15
  Crypt: Vaults:2-3

Altars:
Ashenzari
Elyvilon
Kikubaaqudgha
Makhleb
Nemelex Xobeh
Qazlal
Ru
Vehumet
Wu Jian
Zin
Beogh

Shops:
D:6 (   D:8 }   D:13 !   D:15 ?   Orc:2 ([==   Vaults:1 =   Vaults:2 %

Portals:
Trove: D:11 (give 7 potions of haste)

Annotations:
Lair:1 exclusion: 2 oklob plants
Lair:6 exclusion: oklob plant
Vaults:3 Mara


Innate Abilities, Weirdness & Mutations

You reflexively headbutt those who attack you in melee.
You have a pair of horns on your head.
You are agile. (Dex +2)
Your system is resistant to poisons. (rPois)
You are robust. (+10% HP)


Message History

You closely miss Mara. You headbutt Mara!
Mara is heavily wounded.
Your gold dragon scales prevents you from hitting xccam's illusion.
You slice Mara!! You burn Mara.
You feel sick. Xccam's illusion closely misses you.
Unknown command.
You miss Mara. You headbutt Mara!
Mara is heavily wounded.
You hit Mara. You slash Mara! You barely miss xccam's illusion.
You feel sick.
Xccam's illusion hits you but does no damage.
Mara hits you with a demon whip of venom!!
* * * LOW HITPOINT WARNING * * *
Unknown command.
You barely miss Mara. You headbutt Mara.
Mara is almost dead.
Your gold dragon scales prevents you from hitting Mara.
Your gold dragon scales prevents you from hitting xccam's illusion.
You slice Mara!!
You feel sick.
Mara hits you with a demon whip of venom!!
You die...

......................(.()).
###########'################
####### #.÷......# #.....#
#........# ##...##
#..#.##### ##...##
#..#.#.#.# #..8..#
#OO###.#.#### ##...##
#RR#[.......# ##...##
#.@#######..# #..8..#
#@R#)#.#..).# ##...##
#.)#.#.###..# ##...##
#......#..(.# #.....#
####.#.###).# ##...##
#.#.#....# ##...##
###.###†.# #..8..#
#.....(..# ##.†.##
#......(.#


You could see 3 Maras, 2 two-headed ogres and xccam's illusion (berserk).

Vanquished Creatures
  Boris (Vaults:2)
  Bai Suzhen (Swamp:3)
  Xtahua (Vaults:3)
  Nikola (Vaults:3)
  Rupert (Lair:3)
  A tentacled monstrosity (Vaults:2)
  Asterion (Vaults:2)
  A sphinx (Vaults:2)
  3 thorn hunters (Swamp:3)
  Kirke (Spider:2)
  Donald (Orc:2)
  7 vault wardens
  A deep elf sorcerer (Vaults:3)
  Aizul (Spider:2)
  2 ghost moths (Spider:4)
  8 emperor scorpions
  A stone giant (Vaults:2)
  8 ironheart preservers
  4 entropy weavers
  Nessos (D:13)
  A deep elf demonologist (Vaults:3)
  Azrael (D:15)
  A spark wasp (Spider:1)
  4 fire dragons
  A deep elf death mage (Vaults:3)
  2 ettins (Orc:1)
  A great orb of eyes (Vaults:3)
  Fannar (Orc:1)
  5 yaktaur captains
  4 vault guards
  29 hydras
  2 rakshasas (Vaults:2)
  5 ice dragons
  3 ghost crabs (Swamp:4)
  A catoblepas (D:14)
  6 ogre magi
  A death knight (Vaults:1)
  20 two-headed ogres
  2 alligators (Swamp:2)
  6 centaur warriors
  2 tengu warriors (D:14)
  10 death yaks
  A deep troll earth mage (Vaults:3)
  Urug (D:13)
  Nergalle (Lair:2)
  2 deep elf knights
  5 skeletal warriors (D:15)
  A death drake (Swamp:2)
  An unseen horror (Vaults:1)
  An unseen horror (shapeshifter) (Vaults:2)
  A storm dragon skeleton (Vaults:1)
  3 glowing orange brains
  4 wizards
  3 spriggan druids
  11 swamp dragons (Swamp:4)
  A deep elf archer (Vaults:3)
  12 deep trolls
  4 spectral hydras (Swamp:2)
  3 shambling mangroves (Swamp:4)
  12 ironbrand convokers
  A lindwurm (shapeshifter) (Vaults:1)
  2 phantasmal warriors (Vaults:1)
  2 orc knights
  2 necromancers
  4 harpies (Vaults:2)
  12 orb spiders
  A salamander (shapeshifter) (Vaults:2)
  A wolf spider zombie (D:14)
  11 ugly things
  6 deep elf magi
  2 manticores
  10 orc sorcerers
  30 wolf spiders
  4 cyclopes
  2 ice statues (IceCv)
  7 black mambas
  6 elephants (Lair:6)
  9 vault sentinels
  A molten gargoyle (Volcano)
  5 rime drakes
  13 spiny frogs
  A komodo dragon (D:14)
  4 swamp worm zombies (Swamp:2)
  6 freezing wraiths
  12 yaktaurs
  12 demonic crawlers
  A troll (shapeshifter) (Vaults:2)
  24 hornets
  6 trolls
  8 tyrant leeches
  A tengu conjurer (D:15)
  7 polar bears
  A hippogriff (shapeshifter) (Vaults:1)
  29 slime creatures
  2 spectral swamp dragons (Swamp:2)
  21 jumping spiders
  13 bog bodies
  13 blink frogs
  10 hippogriffs
  Grinder (D:6)
  6 alligator zombies (Swamp:2)
  A wind drake (shapeshifter) (Vaults:3)
  9 dream sheep
  61 redbacks
  2 shadows
  A spriggan (shapeshifter) (Vaults:2)
  18 tarantellas
  10 spriggans
  18 yaks
  6 wraiths
  9 wyverns
  4 tyrant leech zombies (Swamp:2)
  6 fire bats
  2 steam dragons (Volcano)
  2 basilisks
  6 fire elementals
  4 hogs (Spider:2)
  A human (shapeshifter) (Vaults:2)
  19 humans (D:14)
  2 hungry ghosts
  Menkaure (D:4)
  A large abomination (Swamp:2)
  4 wargs (Orc:2)
  The ghost of anp the Digger, an amateur OpEE of Cheibriados (D:3)
  15 insubstantial wisps
  28 swamp worms
  21 vampire mosquitoes
  2 acid dragons
  12 water moccasins
  4 spiny frog zombies (Swamp:2)
  Duvessa (D:6)
  6 hell hounds
  5 porcupines
  18 ice beasts
  17 orc warriors
  11 swamp drakes
  8 black bears
  4 sky beasts
  A hornet zombie (D:10)
  An eye of draining (D:15)
  A necrophage (D:6)
  23 ogres
  30 wolves
  An orc skeleton (Vaults:1)
  2 phantoms
  13 centaurs
  4 boggarts (Lair:6)
  12 crocodiles
  A big kobold (D:14)
  2 elf zombies (Ossuary)
  16 bullfrogs
  A deep troll simulacrum (Vaults:2)
  An ogre simulacrum (Vaults:1)
  Dowan (D:6)
  A wyvern skeleton (D:13)
  6 scorpions
  3 troll zombies (Swamp:2)
  A water moccasin skeleton (D:5)
  5 electric eels
  8 wights
  3 howler monkeys
  7 lava snakes (Volcano)
  7 crimson imps
  2 bullfrog zombies
  6 centaur zombies
  4 hounds
  5 jellies
  9 centaur skeletons
  10 orc priests
  Crazy Yiuf (D:3)
  A human zombie (Ossuary)
  A bullfrog skeleton (D:4)
  Natasha (thrice) (D:3)
  Terence (D:3)
  5 iguanas
  40 orc wizards
  12 worker ants
  A big kobold zombie (Ossuary)
  A hound zombie (Ossuary)
  5 mummies
  4 gnolls (D:2)
  A howler monkey skeleton (D:5)
  12 adders
  5 shadow imps
  An adder skeleton (D:5)
  2 adder zombies (Ossuary)
  5 worms
  4 dart slugs
  4 leopard geckos
  79 orcs
  A ball python (D:4)
  10 giant cockroaches
  5 hobgoblins
  6 jackals
  9 kobolds
  4 quokkas
  7 bats
  10 frilled lizards
  A gnoll zombie (Ossuary)
  9 goblins
  2 kobold zombies (Ossuary)
  3 leopard gecko skeletons
  2 orc zombies (Ossuary)
  2 quokka zombies
  8 rats
  10 fungi
  6 plants
  A withered plant (Swamp:2)
1341 creatures vanquished.

Vanquished Creatures (collateral kills)
  A hell hog (Volcano)
  A fire crab (Volcano)
  A molten gargoyle (Volcano)
  A steam dragon (Volcano)
4 creatures vanquished.

Vanquished Creatures (others)
  An orb spider (Spider:1)
  A yaktaur (Vaults:2)
  A tengu conjurer (D:14)
  A hippogriff (D:15)
  A redback (Spider:4)
  A tarantella (Spider:1)
  3 swamp drakes
  A boggart (Lair:6)
  12 fungi
  12 plants
  7 toadstools (Swamp:3)
41 creatures vanquished.

Grand Total: 1386 creatures vanquished

Notes
Turn   | Place    | Note
-------+----------+-------------------------------------------
     0 | D:1      | xccam the Minotaur Berserker began the quest for the Orb.
     0 | D:1      | Reached XP level 1. HP: 19/19 MP: 0/0
    62 | D:1      | Reached skill level 4 in Axes
   268 | D:1      | Reached XP level 2. HP: 26/26 MP: 1/1
   872 | D:1      | Reached skill level 5 in Axes
   936 | D:2      | Reached XP level 3. HP: 31/31 MP: 2/2
   939 | D:2      | Reached ** piety under Trog
  1109 | D:2      | Reached skill level 6 in Axes
  1109 | D:2      | Reached XP level 4. HP: 20/39 MP: 3/3
  1431 | D:2      | Found a stormy altar of Qazlal.
  1434 | D:2      | Found an ornate altar of the Wu Jian Council.
  1442 | D:2      | Found a shattered altar of Ashenzari.
  1445 | D:2      | Found an ancient bone altar of Kikubaaqudgha.
  1632 | D:2      | Found a glowing silver altar of Zin.
  1704 | D:3      | Reached XP level 5. HP: 45/45 MP: 4/4
  1855 | D:3      | Reached skill level 7 in Axes
  1906 | D:3      | Noticed anp's ghost (amateur OpEE)
  1917 | D:3      | Killed anp's ghost
  1917 | D:3      | Reached skill level 8 in Axes
  1917 | D:3      | Reached XP level 6. HP: 18/51 MP: 5/5
  1919 | D:3      | Reached *** piety under Trog
  2204 | D:3      | Noticed Terence
  2221 | D:3      | Killed Terence
  2354 | D:3      | Noticed Natasha
  2362 | D:3      | Killed Natasha
  2382 | D:3      | Found a runed door.
  2485 | D:3      | Noticed Crazy Yiuf
  2488 | D:3      | Paralysed by Crazy Yiuf for 3 turns
  2495 | D:3      | Killed Crazy Yiuf
  2642 | D:3      | Noticed Natasha
  2647 | D:3      | Killed Natasha
  2745 | D:3      | Noticed Natasha
  2753 | D:3      | Killed Natasha
  2753 | D:3      | Reached skill level 9 in Axes
  3005 | D:4      | Noticed Menkaure
  3009 | D:4      | Killed Menkaure
  3009 | D:4      | Reached skill level 10 in Axes
  3009 | D:4      | Reached XP level 7. HP: 57/57 MP: 2/6
  3508 | D:5      | Entered Level 5 of the Dungeon
  3536 | D:5      | Reached skill level 11 in Axes
  3893 | D:5      | Reached **** piety under Trog
  3893 | D:5      | Reached XP level 8. HP: 61/64 MP: 2/7
  4581 | D:6      | Found a sand-covered staircase.
  4587 | Ossuary  | Entered an ossuary
  4861 | Ossuary  | Reached skill level 12 in Axes
  4919 | Ossuary  | Gained mutation: Your body sometimes deteriorates upon taking damage. [potion of mutation]
  4919 | Ossuary  | Gained mutation: You are agile. (Dex +2) [potion of mutation]
  4919 | Ossuary  | Gained mutation: Your muscles are strong. (Str +2) [potion of mutation]
  4920 | Ossuary  | Lost mutation: Your body sometimes deteriorates upon taking damage. [potion of mutation]
  4920 | Ossuary  | Lost mutation: Your muscles are strong. (Str +2) [potion of mutation]
  4920 | Ossuary  | Gained mutation: Your system is resistant to poisons. (rPois) [potion of mutation]
  4920 | Ossuary  | Gained mutation: You are robust. (+10% HP) [potion of mutation]
  4981 | D:6      | Noticed Duvessa
  4986 | D:6      | Noticed Dowan
  4998 | D:6      | Killed Duvessa
  4998 | D:6      | Reached skill level 5 in Fighting
  5000 | D:6      | Killed Dowan
  5003 | D:6      | Reached XP level 9. HP: 78/81 MP: 2/8
  5044 | D:6      | Noticed Grinder
  5064 | D:6      | Killed Grinder
  5071 | D:6      | Reached skill level 5 in Armour
  5329 | D:6      | Reached skill level 13 in Axes
  5444 | D:6      | Reached ***** piety under Trog
  5601 | D:6      | Found Reggyss's Antique Weapon Shoppe.
  5604 | D:6      | Bought a glowing broad axe for 161 gold pieces
  5620 | D:6      | Noticed a brown ugly thing
  5624 | D:6      | Reached skill level 5 in Dodging
  5632 | D:6      | Killed a brown ugly thing
  5852 | D:7      | Found a staircase to the Ecumenical Temple.
  6153 | D:8      | Found a radiant altar of Vehumet.
  6344 | D:8      | Found a white marble altar of Elyvilon.
  6369 | D:8      | Found Mesiojuy's Gadget Emporium.
  6761 | D:8      | Reached XP level 10. HP: 88/92 MP: 9/9
  7100 | D:9      | Reached skill level 14 in Axes
  7520 | D:10     | Entered Level 10 of the Dungeon
  7520 | D:10     | Found a staircase to the Orcish Mines.
  7526 | D:10     | Found a roughly hewn altar of Beogh.
  7682 | D:10     | Noticed a two-headed ogre
  7690 | D:10     | Killed a two-headed ogre
  7724 | D:10     | Received a gift from Trog
  8253 | D:11     | Noticed a cyclops
  8255 | D:11     | Killed a cyclops
  8255 | D:11     | Reached skill level 15 in Axes
  8255 | D:11     | Reached XP level 11. HP: 100/104 MP: 10/10
  8334 | D:11     | Noticed a brown ugly thing
  8347 | D:11     | Killed a brown ugly thing
  8488 | D:11     | Found a staircase to the Lair.
  8554 | D:11     | Found a portal to a secret trove of treasure.
  8711 | D:11     | Found a sacrificial altar of Ru.
  8910 | Lair:1   | Entered Level 1 of the Lair of Beasts
  9035 | Lair:1   | Noticed a four-headed hydra
  9035 | Lair:1   | Noticed an oklob plant
  9035 | Lair:1   | Noticed an oklob plant
  9144 | Lair:1   | Reached skill level 1 in Shields
  9291 | Lair:1   | Noticed a six-headed hydra
  9299 | Lair:1   | Killed a ten-headed hydra
  9433 | Lair:1   | Killed a seven-headed hydra
  9472 | Lair:1   | Found a transporter.
  9497 | Lair:1   | Found a transporter.
  9678 | Lair:1   | Found the +2 pair of boots of the Assassin {Detection Stab+ Stlth++}
  9825 | Lair:1   | Reached skill level 16 in Axes
 10149 | Lair:2   | Reached XP level 12. HP: 80/116 MP: 11/11
 10254 | Lair:2   | Noticed Nergalle
 10270 | Lair:2   | Killed Nergalle
 10270 | Lair:2   | Reached skill level 10 in Fighting
 10287 | Lair:2   | Found a dark tunnel.
 10304 | Volcano  | Entered a volcano
 10466 | Volcano  | Found a bloodstained altar of Trog.
 10466 | Volcano  | Noticed a hell hog
 10476 | Volcano  | Killed a hell hog
 11083 | Lair:2   | Reached skill level 5 in Shields
 11242 | Lair:3   | Noticed Rupert
 11243 | Lair:3   | Paralysed by Rupert for 7 turns
 11483 | Lair:3   | Killed Rupert
 11483 | Lair:3   | Reached skill level 17 in Axes
 11483 | Lair:3   | Reached skill level 10 in Armour
 11689 | Lair:3   | Found a sacrificial altar of Ru.
 11708 | Lair:3   | Noticed a death yak
 11708 | Lair:3   | Noticed a death yak
 11708 | Lair:3   | Noticed a death yak
 11708 | Lair:3   | Noticed a death yak
 11720 | Lair:3   | Killed a death yak
 11725 | Lair:3   | Killed a death yak
 11727 | Lair:3   | Killed a death yak
 11728 | Lair:3   | Killed a death yak
 12189 | Lair:3   | Received a gift from Trog
 12406 | Lair:4   | Reached skill level 10 in Dodging
 12413 | Lair:4   | Reached XP level 13. HP: 101/127 MP: 12/12
 12639 | Lair:4   | Reached skill level 18 in Axes
 12935 | Lair:4   | Found a staircase to the Swamp.
 13245 | Lair:4   | Found a hole to the Spider Nest.
 13686 | Lair:5   | Found a staircase to the Slime Pits.
 14462 | Lair:6   | Entered Level 6 of the Lair of Beasts
 14608 | Lair:6   | Received a gift from Trog
 15069 | Lair:6   | Reached XP level 14. HP: 98/139 MP: 13/13
 15102 | Lair:6   | Reached skill level 19 in Axes
 15617 | Lair:6   | Found a sparkling altar of Nemelex Xobeh.
 16122 | D:10     | You fall through a shaft for 3 floors!
 16253 | D:13     | Noticed Nessos
 16261 | D:13     | Killed Nessos
 16371 | D:13     | Found a frozen archway.
 16403 | D:13     | Reached ****** piety under Trog
 16470 | IceCv    | Entered an ice cave
 16757 | IceCv    | Received a gift from Trog
 16781 | IceCv    | Got a coiled gossamer ring
 16847 | IceCv    | Identified the ring of Xuwet {Fire Int+4} (You found it in an ice cave)
 17444 | Orc:1    | Entered Level 1 of the Orcish Mines
 17498 | Orc:1    | Found a burning altar of Makhleb.
 18131 | Orc:1    | Noticed Fannar
 18153 | Orc:1    | Killed Fannar
 18153 | Orc:1    | Reached skill level 20 in Axes
 18219 | Orc:2    | Entered Level 2 of the Orcish Mines
 18219 | Orc:2    | Found a staircase to the Elven Halls.
 18319 | Orc:2    | Received a gift from Trog
 18352 | Orc:2    | Found Solieg's Antique Weapon Emporium.
 18352 | Orc:2    | Found Foenn's Armour Shop.
 18372 | Orc:2    | Bought +0 gold dragon scales for 1280 gold pieces
 18391 | Orc:2    | Found a roughly hewn altar of Beogh.
 18675 | Orc:2    | Noticed Donald
 18685 | Orc:2    | Killed Donald
 18685 | Orc:2    | Reached XP level 15. HP: 144/149 MP: 4/14
 18782 | Orc:2    | Found Odemehu's Jewellery Shop.
 18782 | Orc:2    | Found Sielip's Jewellery Emporium.
 18782 | Orc:2    | Paralysed by an orc sorcerer for 4 turns
 18799 | Orc:2    | Received a gift from Trog
 19334 | Swamp:1  | Entered Level 1 of the Swamp
 20437 | Swamp:2  | You fall through a shaft!
 21333 | Swamp:3  | Noticed a thorn hunter
 21334 | Swamp:3  | Noticed Bai Suzhen
 21336 | Swamp:3  | Reached skill level 21 in Axes
 21345 | Swamp:3  | Killed a thorn hunter
 21356 | Swamp:3  | Killed Bai Suzhen
 21478 | Swamp:3  | Noticed a thorn hunter
 21484 | Swamp:3  | Killed a thorn hunter
 21902 | Swamp:3  | Noticed a thorn hunter
 21909 | Swamp:3  | Killed a thorn hunter
 21923 | Swamp:3  | Received a gift from Trog
 22066 | Swamp:4  | Entered Level 4 of the Swamp
 22104 | Swamp:4  | Reached XP level 16. HP: 145/160 MP: 15/15
 22226 | Swamp:4  | HP: 3/160 [shambling mangrove (17)]
 22525 | Swamp:4  | Reached skill level 15 in Fighting
 22774 | Swamp:4  | Received a gift from Trog
 23057 | Swamp:4  | Reached skill level 15 in Armour
 23120 | Swamp:4  | Got a decaying rune of Zot
 23315 | D:12     | Reached skill level 22 in Axes
 23850 | D:13     | Found Jiukab's Distillery.
 23861 | D:13     | Bought 3 potions of haste for 570 gold pieces
 23883 | D:13     | Noticed Urug
 23891 | D:13     | Killed Urug
 24643 | D:14     | Received a gift from Trog
 24894 | D:14     | Found a gate to the Vaults.
 25291 | D:15     | Entered Level 15 of the Dungeon
 25530 | D:15     | Received a gift from Trog
 25539 | D:15     | Reached XP level 17. HP: 156/171 MP: 16/16
 25692 | D:15     | Noticed Azrael
 25704 | D:15     | Killed Azrael
 26019 | D:15     | Found Matuib's Magic Scroll Shoppe.
 26034 | D:15     | Bought a scroll of teleportation for 57 gold pieces
 26034 | D:15     | Bought a scroll of teleportation for 57 gold pieces
 26034 | D:15     | Bought a scroll of enchant weapon for 142 gold pieces
 26034 | D:15     | Bought a scroll of enchant armour for 142 gold pieces
 26170 | D:15     | Paralysed by a wizard for 6 turns
 26757 | D:15     | Found a staircase to the Depths.
 26942 | Spider:1 | Entered Level 1 of the Spider Nest
 27067 | Spider:1 | Received a gift from Trog
 27232 | Spider:1 | Reached skill level 23 in Axes
 27714 | Spider:2 | Noticed Aizul
 27734 | Spider:2 | Killed Aizul
 27743 | Spider:2 | Paralysed by a hornet for 3 turns
 27981 | Spider:2 | Reached skill level 15 in Dodging
 28085 | Spider:2 | Noticed Kirke
 28520 | Spider:2 | Killed Kirke
 29346 | Spider:4 | Entered Level 4 of the Spider Nest
 29377 | Spider:4 | Received a gift from Trog
 29507 | Spider:4 | Reached XP level 18. HP: 180/183 MP: 17/17
 30227 | Spider:4 | Got a gossamer rune of Zot
 30485 | Vaults:1 | Entered Level 1 of the Vaults
 30532 | Vaults:1 | Reached skill level 24 in Axes
 30549 | Vaults:1 | Received a gift from Trog
 30721 | Vaults:1 | Got an encrusted great sword {god gift}
 30794 | Vaults:1 | Found Pocwathy's Jewellery Shop.
 31748 | Vaults:1 | Paralysed by an ogre mage for 5 turns
 31947 | Vaults:2 | Noticed Boris
 31967 | Vaults:2 | Killed Boris
 32356 | Vaults:2 | Noticed a tentacled monstrosity
 32363 | Vaults:2 | Killed a tentacled monstrosity
 32386 | Vaults:2 | HP: 8/280 [cyclops/large rock (21)]
 32410 | Vaults:2 | Received a gift from Trog
 32414 | Vaults:2 | Reached XP level 19. HP: 43/194 MP: 18/18
 32924 | Vaults:2 | Noticed Asterion
 32933 | Vaults:2 | Killed Asterion
 33416 | Vaults:2 | Reached skill level 25 in Axes
 33694 | Vaults:2 | Found Nirha's Food Shop.
 33965 | Vaults:3 | Received a gift from Trog
 34180 | Vaults:3 | Noticed Nikola
 34187 | Vaults:3 | Noticed Xtahua
 34192 | Vaults:3 | Killed Nikola
 34199 | Vaults:3 | Killed the ghostly Nikola
 34208 | Vaults:3 | Killed Xtahua
 34384 | Vaults:3 | Received a gift from Trog
 34399 | Vaults:3 | Noticed Mara
 34412 | Vaults:3 | Noticed xccam's illusion
 34422 | Vaults:3 | Mangled by Mara (illusionary)

Skill      XL: |  1  2  3  4  5  6  7  8  9 10 11 12 13 14 15 16 17 18 19 |
---------------+----------------------------------------------------------+-----
Axes           | 4 5 6 8 10 11 12 13 15 16 17 18 20 21 22 23 24 25 | 25.6
Fighting       | 5 6 8 9 11 12 13 14 15 16 17 18 | 18.4
Armour         | 4 6 8 9 10 12 13 14 15 16 17 | 17.6
Dodging        | 4 5 7 8 10 11 12 13 14 15 16 17 | 17.0
Shields        | 3 5 |  5.0

Action                   |  1- 3 |  4- 6 |  7- 9 | 10-12 | 13-15 | 16-18 | 19-21 || total
-------------------------+-------+-------+-------+-------+-------+-------+-------++-------
Melee: Hand axe          |    79 |   173 |       |       |       |       |       ||   252
       Headbutt          |    10 |    17 |    37 |    88 |   262 |   291 |    76 ||   781
       War axe           |       |     7 |   188 |       |       |       |       ||   195
       Broad axe         |       |       |    47 |   427 |       |       |       ||   474
       Battleaxe         |       |       |       |    17 |   640 |       |       ||   657
       Executioner's axe |       |       |       |       |   331 |   995 |   251 ||  1577
       Unarmed           |       |       |       |       |       |     4 |       ||     4
Invok: Berserk           |       |     6 |     2 |     8 |     2 |     6 |     2 ||    26
       Trog's Hand       |       |     1 |     2 |     7 |     7 |     9 |     3 ||    29
       Burn Spellbooks   |       |       |     1 |     3 |     1 |     4 |     1 ||    10
       Brothers in Arms  |       |       |       |     1 |       |       |       ||     1
Evoke: Wand              |       |       |       |       |     1 |     4 |       ||     5
  Use: Scroll            |       |     7 |     7 |     7 |    10 |    14 |     1 ||    46
       Potion            |       |       |    10 |     4 |     3 |     3 |       ||    20
 Stab: Sleeping          |     1 |       |       |       |       |       |       ||     1
       Petrified         |       |       |       |       |     4 |       |       ||     4
       Distracted        |       |       |       |       |     1 |       |     1 ||     2
       Petrifying        |       |       |       |       |       |     1 |       ||     1
       Invisible         |       |       |       |       |       |     2 |       ||     2
  Eat: Chunk             |       |    11 |    13 |    14 |    18 |    33 |     9 ||    98
       Ration            |       |       |     1 |     4 |     6 |     3 |       ||    14
Armor: Animal skin       |    14 |     2 |       |       |       |       |       ||    16
       Scale mail        |       |    48 |    63 |       |       |       |       ||   111
       Plate armour      |       |       |    62 |   190 |   287 |       |       ||   539
       Gold dragon scale |       |       |       |       |   219 |   829 |   110 ||  1158
Dodge: Dodged            |    49 |    70 |   115 |   208 |   429 |   622 |   110 ||  1603
Block: Buckler           |       |       |       |    83 |       |       |       ||    83
       Reflection        |       |       |       |     3 |     5 |     8 |     7 ||    23
       Other             |       |       |       |     1 |   220 |   279 |    43 ||   543
